 Dungeon Crawl Stone Soup version 0.30-a0-58-gc0703345a7 (webtiles) character file.

Game seed: 14373729923692087558

18 drugrobin the Sneak (level 2, -4/24 (25) HPs)
             Began as a Demigod Delver on Sept 11, 2022.
             Slain by Grinder (8 damage)
             ... while paralysed by Grinder
             ... on level 3 of the Dungeon on Sept 12, 2022.
             The game lasted 00:03:15 (942 turns).

drugrobin the Sneak (Demigod Delver)                 Turns: 942, Time: 00:03:16

HP:   -4/24 (25)    AC:  3    Str: 13    XL:     2   Next: 36%
MP:   4/4           EV:  2    Int: 12    God:
Gold: 74            SH:  0    Dex: 15    Spells: 1/1 levels left

rFire   . . .      SeeInvis .    a - +0 short sword
rCold   . . .      Faith    .    (no shield)
rNeg    . . .      Spirit   .    b - +0 leather armour
rPois   .          Reflect  .    (no helmet)
rElec   .          Harm     .    (no cloak)
rCorr   .          Rampage  .    (no gloves)
Will    .....                    (no boots)
Stlth   +++.......               (no amulet)
HPRegen 0.08/turn                (no ring)
MPRegen 0.09/turn                (no ring)

@: paralysed, lightly drained
A: high MP 1, forlorn, divine attributes
a: no special abilities


You were on level 3 of the Dungeon.
You visited 1 branch of the dungeon, and saw 4 of its levels.

You collected 74 gold pieces.

Inventory:

Hand Weapons
 a - a +0 short sword (weapon)
 i - a +0 flail
Missiles
 o - 2 poisoned darts (quivered)
Armour
 b - a +0 leather armour (worn)
Scrolls
 c - a scroll of fog
 e - a scroll of fear
 k - a scroll of poison {unknown}
 m - a scroll of silence {unknown}
Potions
 f - a potion of haste
 h - a potion of experience {unknown}
 j - a potion of resistance {unknown}
 l - a potion of brilliance {unknown}
 n - a potion of flight {unknown}


   Skills:
 - Level 2.7 Fighting
 + Level 2.8 Short Blades
 - Level 1.8 Dodging
 - Level 4.5 Stealth


You had one spell level left.
You didn't know any spells.
Your spell library was empty.

Dungeon Overview and Level Annotations

Branches:
Dungeon (6/15)
 Temple: D:4-7

Annotations:
D:3 Grinder
D:6 Maggie


Innate Abilities, Weirdness & Mutations

You have an increased reservoir of magic. (+10% MP)
You shall have no god before yourself.
Your divine heritage dramatically boosts your attributes as you level up.


Message History

As you read the scroll of magic mapping, it crumbles to dust.
You feel aware of your surroundings.
A kobold comes into view. It is wielding a +0 sling.
Unknown command.
Unknown command.
An endoplasm comes into view.
Unknown command.
The kobold shouts!
The kobold shoots a sling bullet.
The sling bullet misses you.
Press: ? - help, v - describe, . - travel
Here: a kobold, wielding a +0 sling, wearing an amulet of reflection and quivering stones (reflecting blocked projectiles)
The floor.
Unknown command.
Aiming: Dig
Press: ? - help, Shift-Dir - straight line A rock wall.
The rock shatters into small pieces.
The now-empty wand crumbles to dust.
The kobold shoots a sling bullet.
The sling bullet hits you. Grinder attacks as you move away!
Grinder barely misses you. Grinder attacks as you move away!
Grinder closely misses you.
Found an escape hatch in the floor.
Grinder attacks as you move away! Grinder hits you.
A ball python comes into view.
Unknown command.
Found an escape hatch in the ceiling.
Grinder gestures at you.
You struggle to resist.
The kobold shoots a sling bullet.
The sling bullet hits you but does no damage.
Unknown command.
Found 6 poisoned darts.
Unknown command.
A ball python comes into view.
Grinder gestures at you.
You suddenly lose the ability to move!
The necrophage hits you.
You feel drained. Grinder gestures at you. Pain shoots through your body!
* * * LOW HITPOINT WARNING * * *
Grinder hits you!
You die...

,,,* *.......#....#########
,,,* *.......#.........#***
,,,* *,,,....#..........,,*
******,,...............#*,*
,,,,,,,,.......#K...S..#*,*
*****,,*####.#?#.......#*,*
,,,,,,,,,(...>.........#*,*
,******>,....#.#5n.....#*,***
,*** *,####...#@####...,,,,*
,,,* *,* #...#.# *..S,,,,*
,,,* *,* #..,#.# *,..,,,,*
,,,* *,* ##*,#<# *,,,,,,,*
,,,* *,* *,#.# *,,,,,,,*****
,,,* *,* *,#.# *,,,,,,,,,,,,
,,,* *,* *,#.# *,,,,,,,*****
,,,* *,******,#.# *,,,,,,,*
*<, ,,,** *,,,,,,,,,,*
*,,,,,,,* ***


You could see Grinder, a necrophage, a ball python (wandering) and a kobold
(reflecting).

Vanquished Creatures
  An adder (D:3)
  A dart slug (D:4)
  A ball python (D:3)
  A bat (D:3)
  An endoplasm (D:4)
  A hobgoblin (D:4)
  A quokka (D:4)
7 creatures vanquished.

Notes
Turn   | Place    | Note
-------+----------+-------------------------------------------
     0 | D:5      | drugrobin the Demigod Delver began the quest for the Orb.
     0 | D:5      | Reached XP level 1. HP: 18/18 MP: 3/3
    13 | D:6      | Noticed Maggie
    13 | D:6      | Noticed a necrophage
    47 | D:5      | Noticed an iguana
   252 | D:4      | Noticed a black bear
   493 | D:4      | Noticed a necrophage
   682 | D:3      | Reached XP level 2. HP: 16/25 MP: 4/4
   914 | D:3      | Noticed Grinder
   920 | D:3      | Noticed a necrophage
   938 | D:3      | Paralysed by Grinder for 5 turns
   942 | D:3      | Slain by Grinder

Illustrated notes

Levels and vault maps discovered:
D:3:      layout_basic, mainiacjoe_overflow_concentric_impassable, uniq_grinder,
          uniq_terence
D:4:      layout_loops_cross, chequers_jeans
D:5:      layout_cave_pools, nicolae_overflow_hidden_temple,
          hangedman_feature_mirror
D:6:      minmay_flawed_box, layout_rooms, serial_shops, nicolae_shop_stone,
          uniq_maggie, uniq_edmund, uniq_pikel, uniq_prince_ribbit1,
          uniq_eustachio

Skill      XL: |  1 |
---------------+----+-----
Short Blades   | 2 |  2.8
Fighting       | |  2.7
Dodging        | |  1.8
Stealth        | |  4.5

Action                   || total
-------------------------++-------
Melee: Short sword       ||    31
Evoke: Wand              ||     3
  Use: Scroll            ||     1
 Stab: Sleeping          ||     2
Armor: Leather armour    ||    11
Dodge: Dodged            ||    24

Table legend: (Time is in decaauts)
 A = Elapsed time spent in this place.
 B = Non-inter-level travel time spent in this place.
 C = Inter-level travel time spent in this place.
 D = Time resting spent in this place.
 E = Time spent auto-exploring this place.
 F = Levels seen in this place.
 G = Mean time per level.
                   A        B        C        D        E       F      G
               +--------+--------+--------+--------+--------+-----+--------+
         Total |    941 |    923 |     18 |    284 |    212 |   4 |  235.2 |
       Dungeon |    941 |    923 |     18 |    284 |    212 |   4 |  235.2 |
               +--------+--------+--------+--------+--------+-----+--------+

Top non-repeatable levels by time:
     D:4: 610 daAuts
     D:3: 276 daAuts
     D:5: 53 daAuts
     D:6: 1 daAuts
